 Dungeon Crawl Stone Soup version 0.25.1-11-g244df3a29b (webtiles) character file.

Game seed: 7480572128285420315

5747 DeepDeath the Spear-Bearer (level 11, 0/81 HPs)
             Began as a Formicid Gladiator on Jan 3, 2024.
             Was a Follower of Okawaru.
             Slain by a cyan very ugly thing (18 damage)
             ... on level 1 of the Abyss.
             The game lasted 00:37:19 (9466 turns).

DeepDeath the Spear-Bearer (Formicid Gladiator)     Turns: 9466, Time: 00:37:20

Health: 0/81       AC: 12    Str: 29    XL:     11   Next: 5%
Magic:  0/12       EV: 14    Int:  7    God:    Okawaru [*.....]
Gold:   631        SH:  0    Dex: 12    Spells: 10/10 levels left

rFire    + . .     SeeInvis +   v - +2 halberd (vamp)
rCold    + . .     Gourm    .   (no shield)
rNeg     . . .     Faith    .   o - +0 scale mail
rPois    .         Spirit   +   (helmet unavailable)
rElec    .         Reflect  .   z - scarf {rC+ rF+}
rCorr    .         Harm     .   (no gloves)
MR       +....                  (no boots)
Stlth    +++.......             H - amulet of guardian spirit
HPRegen  0.23/turn              B - +4 ring of protection
MPRegen  0.13/turn              M - +6 ring of strength

@: heroism
A: permanent stasis, dig shafts and tunnels, four strong arms, antennae 3
a: Dig, Shaft Self, Heroism, Renounce Religion


You were on level 1 of the Abyss.
You worshipped Okawaru.
Okawaru was aware of your devotion.
You were not hungry.

You visited 2 branches of the dungeon, and saw 11 of its levels.
You visited the Abyss 1 time.

You collected 631 gold pieces.

Inventory:

Hand Weapons
 j - a cursed +3 halberd
 v - a +2 vampiric halberd (weapon)
 w - a +0 trident
 A - a +0 halberd
Missiles
 b - 8 boomerangs
 c - 2 throwing nets
 d - 180 stones
 l - 71 poisoned darts (quivered)
 p - 55 arrows
 q - 55 sling bullets
 y - 86 bolts
Armour
 e - a +0 chain mail
 i - a +2 cloak
 o - a +0 scale mail (worn)
 z - a scarf of resistance (worn)
Jewellery
 h - the ring of Seda {+Fly rF- Dex+6 SInv}
   (You found it on level 5 of the Dungeon)

   [ring of dexterity]

   It affects your dexterity (+6).
   It makes you vulnerable to fire.
   It lets you see invisible.
   It lets you fly.
 B - a +4 ring of protection (left hand)
 C - an uncursed ring of ice
 G - an uncursed ring of ice
 H - an amulet of guardian spirit (around neck)
 M - a +6 ring of strength (right hand)
Wands
 m - a wand of digging (4)
 x - a wand of disintegration (28)
 I - a wand of paralysis (7)
 K - a wand of polymorph (2)
 N - a wand of flame (22)
 O - a wand of random effects (15)
Scrolls
 r - 5 scrolls of remove curse
 s - a scroll of amnesia
 u - 2 scrolls of noise
 E - 3 scrolls of magic mapping
 F - 2 scrolls of enchant armour
Potions
 a - 2 potions of mutation
 g - 3 potions of brilliance
 k - 3 potions of flight
 D - 2 potions of ambrosia
 J - 3 potions of stabbing
Miscellaneous
 n - a phial of floods
Comestibles
 f - 25 rations


   Skills:
 + Level 5.8(10.8) Fighting
 * Level 12.5(17.5) Polearms
 + Level 4.7(9.7) Throwing
 + Level 5.0(10.0) Armour
 - Level 3.0(8.0) Dodging
 - Level 5.0(10.0) Stealth
 - Level 2.0 Invocations
 - Level 2.0 Evocations


You had 10 spell levels left.
You didn't know any spells.
Your spell library contained the following spells:

 Spells                   Type           Power        Failure   Level  Hunger
 Beastly Appendage        Tmut           #.....       65%         1    ##.....
 Foxfire                  Conj/Fire      #...         65%         1    ##.....
 Infusion                 Chrm           #...         65%         1    ##.....
 Magic Dart               Conj           #...         65%         1    ##.....
 Call Imp                 Summ           #.......     78%         2    ###....
 Shroud of Golubria       Chrm/Tloc      #.....       78%         2    ###....
 Slow                     Hex            #.......     78%         2    ###....
 Song of Slaying          Chrm           #.......     78%         2    ###....
 Sticks to Snakes         Tmut           #.......     78%         2    ###....
 Conjure Flame            Conj/Fire      #.......     95%         3    ####...
 Inner Flame              Hex/Fire       #.......     95%         3    ####...
 Mephitic Cloud           Conj/Pois/Air  #.......     95%         3    ####...
 Ozocubu's Armour         Chrm/Ice       #.......     95%         3    ####...
 Spectral Weapon          Hex/Chrm       #.......     95%         3    ####...
 Spider Form              Tmut/Pois      #.........   95%         3    ####...
 Ice Form                 Ice/Tmut       #.......     100%        4    #####..
 Sticky Flame             Conj/Fire      #.......     100%        4    #####..
 Blade Hands              Tmut           #.........   100%        5    ######.
 Fireball                 Conj/Fire      #.........   100%        5    ######.
 Blink                    Tloc           Unusable     N/A         2    N/A

Dungeon Overview and Level Annotations

Branches:
Dungeon (10/15)            Temple (1/1) D:5             Orc (0/2) D:10
   Lair: D:8-11

Altars:
Ashenzari
Cheibriados
Dithmenos
Elyvilon
Fedhas
Gozag
Hepliaklqana
Kikubaaqudgha
Nemelex Xobeh
Okawaru
Qazlal
Ru
Sif Muna
Trog
Uskayaw
Vehumet
Wu Jian
Xom
Yredelemnul
Zin
The Shining One

Shops:
D:5 (   D:6 :

Annotations:
D:5 2 transporters
D:8 Erolcha
D:10 4 runed translucent doors


Innate Abilities, Weirdness & Mutations

You cannot be hasted, slowed, berserked, paralysed or teleported.
You can dig through walls and to a lower floor.
Your four strong arms can wield two-handed weapons with a shield.
You have a pair of large antennae on your head. (SInv)


Message History

Evoke which item? (* to show all) (? for menu, Esc to quit)
Aiming: Disintegrate
Press: ? - help, Shift-Dir - straight line, f/p - cyan very ugly thing
Aim: a cyan very ugly thing (moderately wounded, chance to defeat MR: 58%)
The cyan very ugly thing resists with significant effort.
The cyan very ugly thing engulfs you! The cyan very ugly thing shocks you!!
* * * LOW HITPOINT WARNING * * *
Evoke which item? (* to show all) (? for menu, Esc to quit)
Aiming: Disintegrate
Press: ? - help, Shift-Dir - straight line, f/p - cyan very ugly thing
Aim: a cyan very ugly thing (moderately wounded, chance to defeat MR: 58%)
The cyan very ugly thing resists with significant effort.
The cyan very ugly thing misses you.
Evoke which item? (* to show all) (? for menu, Esc to quit)
Aiming: Disintegrate
Press: ? - help, Shift-Dir - straight line, f/p - cyan very ugly thing
Aim: a cyan very ugly thing (moderately wounded, chance to defeat MR: 58%)
The cyan very ugly thing resists with significant effort.
The cyan very ugly thing engulfs you!!
You die...

# .#### ##..
# ##.#. ..
.. ........
......
.......#.###
#.. #####..
. #.# #. #
.### #
.#..#..# { #
. .##..#
#..#.#.@##
###u## #..#
#.## #.##{{
{ #.# # ##
.# u. ... {


You could see a cyan very ugly thing.

Vanquished Creatures
  A two-headed ogre (D:10)
  Pikel (D:9)
  An ancient zyme (Abyss:1)
  Prince Ribbit (D:9)
  2 yaks
  Grum (D:9)
  A wyvern (D:8)
  A neqoxec (Abyss:1)
  An insubstantial wisp (Abyss:1)
  4 slaves (D:9)
  2 orc warriors
  3 phantoms
  2 sky beasts (D:10)
  A necrophage (D:7)
  3 ogres
  A centaur (D:8)
  2 big kobolds
  A crocodile (D:8)
  4 bullfrogs
  A scorpion (D:7)
  A wyvern skeleton (D:7)
  5 killer bees (D:10)
  5 wights (D:8)
  A howler monkey (D:4)
  A centaur zombie (D:3)
  5 crimson imps
  An iron imp (Abyss:1)
  A hound (D:4)
  7 orc priests (D:10)
  3 jellies
  A bullfrog skeleton (D:9)
  3 iguanas
  4 orc wizards
  6 worker ants
  A hound zombie (D:9)
  A hound skeleton (D:5)
  3 worker ant zombies
  A howler monkey zombie (D:6)
  10 adders
  3 gnolls (D:5)
  A shadow imp (D:5)
  An ufetubus (Abyss:1)
  3 oozes
  An adder skeleton (D:4)
  2 worms
  2 dart slugs (D:1)
  5 leopard geckos
  28 orcs
  3 ball pythons
  4 bats
  5 giant cockroaches
  10 goblins
  8 hobgoblins
  9 jackals
  7 quokkas
  10 frilled lizards
  11 kobolds
  10 rats
217 creatures vanquished.

Vanquished Creatures (others)
  A wolf (D:8)
  A hound zombie (D:9)
2 creatures vanquished.

Grand Total: 219 creatures vanquished

Notes
Turn   | Place    | Note
-------+----------+-------------------------------------------
     0 | D:1      | DeepDeath the Formicid Gladiator began the quest for the
                  | Orb.
     0 | D:1      | Reached XP level 1. HP: 16/16 MP: 1/1
    95 | D:1      | Reached XP level 2. HP: 4/22 MP: 2/2
    96 | D:1      | HP: 1/22 [kobold/cursed +0 club (3)]
   436 | D:1      | Reached skill level 4 in Polearms
   436 | D:1      | Reached XP level 3. HP: 25/27 MP: 3/3
  1206 | D:2      | Reached XP level 4. HP: 31/33 MP: 4/4
  1412 | D:2      | Found a blossoming altar of Fedhas.
  1620 | D:3      | Reached skill level 5 in Polearms
  1678 | D:3      | Reached XP level 5. HP: 31/38 MP: 5/5
  2117 | D:3      | Reached skill level 6 in Polearms
  2521 | D:3      | Found a shimmering blue altar of Sif Muna.
  2564 | D:3      | Reached skill level 1 in Stealth
  2564 | D:3      | Reached XP level 6. HP: 39/44 MP: 6/6
  2806 | D:4      | Reached skill level 1 in Armour
  3397 | D:4      | Reached XP level 7. HP: 50/50 MP: 7/7
  3416 | D:4      | Found a stormy altar of Qazlal.
  3739 | D:5      | Entered Level 5 of the Dungeon
  3781 | D:5      | Got a smoking jade ring
  3837 | D:4      | Identified the ring of Seda {+Fly rF- Dex+6 SInv} (You
                  | found it on level 5 of the Dungeon)
  3948 | D:5      | Found a staircase to the Ecumenical Temple.
  3957 | Temple   | Entered the Ecumenical Temple
  4234 | D:5      | Found Aguico's Weapon Shoppe.
  4530 | D:5      | Found a transporter.
  4592 | D:5      | Reached skill level 7 in Polearms
  4592 | D:5      | Reached skill level 1 in Evocations
  4945 | D:5      | Reached XP level 8. HP: 58/58 MP: 9/9
  5032 | D:5      | Found a radiant altar of Vehumet.
  5152 | D:5      | Found a transporter.
  5454 | D:6      | Found a sacrificial altar of Ru.
  5506 | D:6      | Found Xiliom's Book Shoppe.
  5529 | D:6      | Reached skill level 8 in Polearms
  5614 | D:6      | Found a glowing silver altar of Zin.
  5867 | D:6      | Found a shattered altar of Ashenzari.
  6307 | D:7      | You fall into a shaft and drop 3 floors!
  6307 | D:10     | Entered Level 10 of the Dungeon
  6472 | D:10     | Reached skill level 9 in Polearms
  6560 | D:10     | Found a huge runed translucent gate.
  6560 | D:10     | Noticed a hog
  6560 | D:10     | Noticed a hippogriff
  6560 | D:10     | Noticed a yak
  6561 | D:10     | Noticed a polar bear
  6565 | D:10     | Noticed a polar bear
  6571 | D:10     | Noticed a yak
  6571 | D:10     | Noticed a polar bear
  6571 | D:10     | Noticed a polar bear
  6572 | D:10     | Found a huge runed translucent gate.
  6572 | D:10     | Found a huge runed translucent gate.
  6572 | D:10     | Found a huge runed translucent gate.
  6572 | D:10     | Noticed a hog
  6575 | D:10     | Noticed a polar bear
  6575 | D:10     | Noticed a polar bear
  6629 | D:10     | Reached XP level 9. HP: 60/63 MP: 10/10
  6747 | D:10     | Noticed a two-headed ogre
  6761 | D:10     | Killed a two-headed ogre
  6761 | D:10     | Reached skill level 10 in Polearms
  6867 | D:10     | Found a staircase to the Orcish Mines.
  6985 | D:9      | Found a white marble altar of Elyvilon.
  7070 | D:9      | Noticed Erolcha
  7102 | D:9      | Noticed Prince Ribbit
  7128 | D:9      | Killed Prince Ribbit
  7128 | D:9      | Reached skill level 11 in Polearms
  7128 | D:9      | Reached XP level 10. HP: 73/73 MP: 6/11
  7240 | D:9      | Found a hazy altar of Hepliaklqana.
  7252 | D:9      | Noticed Pikel
  7294 | D:9      | Killed Pikel
  7294 | D:9      | Reached skill level 5 in Fighting
  7468 | D:9      | Noticed Grum
  7478 | D:9      | Killed Grum
  7732 | D:8      | Reached skill level 12 in Polearms
  7742 | D:8      | Found a shattered altar of Ashenzari.
  7961 | D:8      | Found an iron altar of Okawaru.
  7963 | D:8      | Found a shimmering altar of Xom.
  7966 | D:8      | Became a worshipper of Warmaster Okawaru
  8022 | D:8      | Found a white marble altar of Elyvilon.
  8189 | D:8      | Reached skill level 1 in Invocations
  8585 | D:7      | Found an ornate altar of the Wu Jian Council.
  8907 | D:7      | Reached * piety under Okawaru
  9275 | D:9      | Reached skill level 5 in Stealth
  9289 | D:8      | Cast into level 1 of the Abyss (Erolcha)
  9369 | Abyss:1  | Noticed a rust devil
  9386 | Abyss:1  | Reached XP level 11. HP: 62/81 MP: 7/12
  9389 | Abyss:1  | Reached skill level 5 in Armour
  9396 | Abyss:1  | Noticed a bone dragon
  9456 | Abyss:1  | Noticed a cyan very ugly thing
  9466 | Abyss:1  | Slain by a cyan very ugly thing

Illustrated notes

Levels and vault maps discovered:
D:1:      lightli_arrival_windingriver, layout_basic
D:2:      layout_basic, lemuel_doored_altar
D:3:      layout_basic, lemuel_coloured_pillars_altar, minmay_pentomino_pile
D:4:      layout_rooms, grunt_qazlal_clouds, first_ration
D:5:      gammafunk_steamed_eel, layout_cave_pools, lemuel_round_altar,
          minmay_temple_entry_butterflies, serial_shops, shop_statue,
          st_stairs_3
D:6:      layout_loops_ring, old_standard_altar, kennysheep_mini_moat,
          serial_shops, shop, serial_glass, glass_columns_c, glass_columns_c,
          due_unseen_surprise, item_on_display_a, minmay_misc_feat_enclosed,
          ashenzari_altar_1
D:7:      layout_loops_ring, kennysheep_mini
D:8:      layout_basic, overflow_temple_1_default, okawaru_gym_becter,
          xom_butterflies, lemuel_crystal_altar
D:9:      layout_long_grid, kennysheep_little_box, makhleb_grotto_becter,
          blue_anna_alchemist [blue_anna_fruit_fields, blue_anna_fruit_fields],
          elyvilon_altar_4, uniq_pikel, uniq_erolcha, uniq_grum,
          uniq_prince_ribbit1
D:10:     lemuel_bear_cage, layout_irregular_city, hiddenorc2_lemuel
Temple:   compressed_dpeg_triangle_lava_temple
Abyss:1:  base:
D:13

Skill      XL: |  1  2  3  4  5  6  7  8  9 10 11 |
---------------+----------------------------------+-----
Polearms       | 4 5 6 7 9 11 12 | 12.5
Stealth        | 1 2 3 4 5 |  5.0
Armour         | 2 4 5 |  5.0
Evocations     | 1 2 |  2.0
Fighting       | 3 4 5 |  5.8
Dodging        | 3 |  3.0
Throwing       | 3 4 |  4.7
Invocations    | 2 |  2.0

Action                   |  1- 3 |  4- 6 |  7- 9 | 10-12 || total
-------------------------+-------+-------+-------+-------++-------
Melee: Trident           |   123 |   178 |    70 |       ||   371
       Halberd           |       |       |   213 |   206 ||   419
       Punch             |       |       |       |     1 ||     1
Throw: Stone             |     2 |     6 |       |       ||     8
       Dart              |       |    31 |    22 |    31 ||    84
       Throwing net      |       |       |     9 |     1 ||    10
Invok: Heroism           |       |       |       |     4 ||     4
 Abil: Dig               |       |     1 |     3 |     1 ||     5
Evoke: Wand              |       |       |    10 |     7 ||    17
  Use: Scroll            |     3 |     4 |     8 |     2 ||    17
       Potion            |       |     1 |    13 |     3 ||    17
 Stab: Sleeping          |     1 |     1 |    13 |       ||    15
       Paralysed         |       |       |     3 |       ||     3
       Held in net/web   |       |       |     1 |       ||     1
  Eat: Chunk             |     1 |     7 |     9 |     4 ||    21
       Ration            |       |       |     1 |     2 ||     3
Armor: Leather armour    |    23 |    18 |       |       ||    41
       Ring mail         |       |    15 |    80 |    12 ||   107
       Skin              |       |       |    73 |       ||    73
       Scale mail        |       |       |       |    17 ||    17
Dodge: Dodged            |    53 |    74 |   109 |    88 ||   324
